 Dungeon Crawl Stone Soup version 0.27-a0-1557-g57f10a385c (webtiles) character file.

Game seed: 9254506015962521142

208 nyamberluvr69 the Slasher (level 5, -2/46 HPs)
             Began as a Palentonga Fighter on July 15, 2021.
             Slain by Grinder (9 damage)
             ... on level 3 of the Dungeon.
             The game lasted 00:05:08 (3376 turns).

nyamberluvr69 the Slasher (Palentonga Fighter)      Turns: 3376, Time: 00:05:09

Health: -2/46      AC:  8    Str: 20    XL:     5   Next: 55%
Magic:  5/5        EV:  5    Int:  8    God:
Gold:   125        SH:  8    Dex: 10    Spells: 4/4 levels left

rFire    . . .     SeeInvis +   a - +0 long sword
rCold    . . .     Faith    .   c - +0 kite shield
rNeg     . . .     Spirit   .   b - +0 scale mail
rPois    .         Reflect  .   n - +0 helmet
rElec    .         Harm     .   (no cloak)
rCorr    .         Rampage  .   o - +0 pair of gloves
Will     .....                  (no barding)
Stlth    ..........             (no amulet)
HPRegen  0.15/turn              (no ring)
MPRegen  0.09/turn              (no ring)

@: no status effects
A: large, rugged brown scales 3, see invisible, deformed body, roll 1, armoured
tail
a: Rolling Charge


You were on level 3 of the Dungeon.
You visited 1 branch of the dungeon, and saw 3 of its levels.

You collected 125 gold pieces.

Inventory:

Hand Weapons
 a - a +0 long sword (weapon)
Armour
 b - a +0 scale mail (worn)
 c - a +0 kite shield (worn)
 n - a +0 helmet (worn)
 o - a +0 pair of gloves (worn)
Scrolls
 e - a scroll of enchant weapon {unknown}
 f - 2 scrolls of teleportation {unknown}
 g - 2 scrolls of torment {unknown}
 h - 2 scrolls of noise {unknown}
 k - a scroll of amnesia {unknown}
 l - 2 scrolls of identify {unknown}
Potions
 d - a potion of might
 i - a potion of berserk rage {unknown}
 j - 2 potions of brilliance {unknown}
 m - a potion of haste {unknown}


   Skills:
 + Level 4.3 Fighting
 * Level 4.9 Long Blades
 - Level 2.4 Armour
 - Level 2.4 Shields


You had 4 spell levels left.
You didn't know any spells.
Your spell library contained the following spells:

 Spells                   Type           Power      Damage    Failure   Level
 Ozocubu's Armour         Ice            0%         N/A       100%        3
 Metabolic Englaciation   Hex/Ice        0%         N/A       100%        5
 Simulacrum               Ice/Necr       0%         N/A       100%        6


Dungeon Overview and Level Annotations

Branches:
Dungeon (3/15)

Altars:
Qazlal
Yredelemnul

Shops:
D:1 *

Annotations:
D:3 Grinder


Innate Abilities, Weirdness & Mutations

You are completely covered in rugged brown scales. (AC +3, +7% HP)
You have supernaturally acute eyesight. (SInv)
Armour fits poorly on your strangely shaped body.
You can roll at nearby foes to attack.
You have a long armoured tail.


Message History

Unknown command.
Roll where?
Press: ? - help, Dir - move target, f/p - Grinder
Aim: Grinder (lightly wounded)
You roll forward with a clatter of scales!
You completely miss Grinder.
Grinder is lightly wounded.
Grinder hits you.
You writhe in agony.
You hit Grinder.
Grinder is lightly wounded.
Grinder barely misses you.
You hit Grinder.
Your tail-slap misses Grinder.
Grinder is lightly wounded.
Grinder blinks!
Roll where?
Press: ? - help, Dir - move target, f/p - Grinder
Aim: Grinder (lightly wounded)
You roll forward with a clatter of scales!
You barely miss Grinder. You tail-slap Grinder.
Grinder is moderately wounded.
You block Grinder's attack.
You hit Grinder.
Grinder is moderately wounded.
Grinder hits you!
You writhe in agony.
You closely miss Grinder.
Grinder is moderately wounded.
You block Grinder's attack. Grinder hits you but does no damage.
You closely miss Grinder. You tail-slap Grinder!
Grinder is heavily wounded.
You block Grinder's attack.
You closely miss Grinder.
Grinder is heavily wounded.
Grinder hits you but does no damage. Grinder gestures at you.
Pain shoots through your body!
* * * LOW HITPOINT WARNING * * *
You closely miss Grinder.
Grinder is heavily wounded.
Grinder hits you!
You die...

######........#..........
#...............≈≈≈≈≈≈≈≈≈
#...............≈§....§.≈
#...............≈§≈≈≈§≈.≈
#########...............≈§≈..?≈.≈
.........>.###.......>..≈.≈._.§.≈
####..####.# #............≈5..≈.≈
#..####.# #..5.......≈.≈≈≈≈§.≈
##.......# #..@.......≈.§...§.≈
###..####..# ###..####..≈≈≈≈§§≈≈≈
#...## #..# ##÷.# ##.....§....
#.#### #..####|..# ###########
.....# ###....÷.#.#
.....###....#####.# .........#..#
#.# .....#####..#####.# .....#
#.....##...#


You could see Grinder.

Vanquished Creatures
  Jessica (D:2)
  Natasha (twice) (D:2)
  3 adders
  3 gnolls
  2 worms
  3 dart slugs
  3 endoplasms
  A giant cockroach (D:2)
  5 goblins
  6 hobgoblins
  13 jackals
  2 quokkas (D:2)
  6 ball pythons
  3 bats
  2 frilled lizards (D:2)
  4 kobolds
  6 rats
65 creatures vanquished.

Notes
Turn   | Place    | Note
-------+----------+-------------------------------------------
     0 | D:1      | nyamberluvr69 the Palentonga Fighter began the quest for
                  | the Orb.
     0 | D:1      | Reached XP level 1. HP: 19/19 MP: 1/1
   397 | D:1      | Found a faded altar of an unknown god.
   479 | D:1      | Reached XP level 2. HP: 24/25 MP: 2/2
   610 | D:1      | Found Ducemi's General Store.
  1030 | D:2      | Noticed Jessica
  1037 | D:1      | Reached XP level 3. HP: 25/31 MP: 3/3
  1534 | D:2      | Killed Jessica
  1535 | D:2      | Reached XP level 4. HP: 28/39 MP: 4/4
  1948 | D:2      | Found a stormy altar of Qazlal.
  2263 | D:2      | Noticed Natasha
  2272 | D:2      | Killed Natasha
  2273 | D:2      | Reached XP level 5. HP: 33/44 MP: 5/5
  2437 | D:2      | Noticed Natasha
  2444 | D:2      | Killed Natasha
  3172 | D:3      | Found a basalt altar of Yredelemnul.
  3172 | D:3      | Noticed Grinder
  3179 | D:3      | Paralysed by Grinder for 3 turns
  3185 | D:3      | Paralysed by Grinder for 7 turns
  3363 | D:3      | Paralysed by Grinder for 5 turns
  3376 | D:3      | Slain by Grinder

Illustrated notes

Levels and vault maps discovered:
D:1:      sevenhm_arrival_forest_fort_small_4, layout_basic, serial_shops,
          nicolae_square_shop, hellmonk_ecumenical_altar_run_dry,
          item_on_display_b
D:2:      layout_basic, serial_glass, glass_columns_b, glass_columns_b,
          minmay_strange_pillars, feat_on_display, item_on_display_a,
          item_on_display_a, basic_altar, minmay_misc_feat_rows,
          grunt_ministairs_1, uniq_jessica, uniq_natasha
D:3:      layout_rooms, mainiacjoe_overflow_concentric_impassable, uniq_grinder

Skill      XL: |  1  2  3  4 |
---------------+-------------+-----
Long Blades    | 3 4 |  4.9
Fighting       | 4 |  4.3
Armour         | |  2.4
Shields        | |  2.4

Action                   |  1- 3 |  4- 6 || total
-------------------------+-------+-------++-------
Melee: Long sword        |    92 |   118 ||   210
       Tailslap          |     9 |    15 ||    24
 Abil: Rolling Charge    |     1 |     8 ||     9
Armor: Scale mail        |    61 |    69 ||   130
Dodge: Dodged            |    26 |    26 ||    52
Block: Kite shield       |    49 |    52 ||   101
       Rpst.: Long sword |     1 |     9 ||    10

Table legend: (Time is in decaauts)
 A = Elapsed time spent in this place.
 B = Non-inter-level travel time spent in this place.
 C = Inter-level travel time spent in this place.
 D = Time resting spent in this place.
 E = Time spent auto-exploring this place.
 F = Levels seen in this place.
 G = Mean time per level.
                   A        B        C        D        E       F      G
               +--------+--------+--------+--------+--------+-----+--------+
         Total |   3489 |   3385 |    104 |    867 |   1926 |   3 | 1163.0 |
       Dungeon |   3489 |   3385 |    104 |    867 |   1926 |   3 | 1163.0 |
               +--------+--------+--------+--------+--------+-----+--------+

Top non-repeatable levels by time:
     D:1: 1560 daAuts
     D:2: 1060 daAuts
     D:3: 868 daAuts
